 Dungeon Crawl Stone Soup version 0.29-a0-512-gf59ac788ac (webtiles) character file.

Game seed: 15510703180796547839

44 quokkamancerX the Chopper (level 3, -2/34 HPs)
             Began as a Hill Orc Berserker on May 29, 2022.
             Was a Believer of Trog.
             Slain by a worm (10 damage)
             ... on level 2 of the Dungeon.
             The game lasted 00:02:08 (1648 turns).

quokkamancerX the Chopper (Hill Orc Berserker)      Turns: 1648, Time: 00:02:09

Health: -2/34      AC:  2    Str: 21    XL:     3   Next: 62%
Magic:  3/3        EV: 11    Int:  7    God:    Trog [**....]
Gold:   110        SH:  0    Dex: 10    Spells: 2/2 levels left

rFire   . . .      SeeInvis .   a - +0 hand axe
rCold   . . .      Faith    .   (no shield)
rNeg    . . .      Spirit   .   b - +0 animal skin
rPois   .          Reflect  .   (no helmet)
rElec   .          Harm     .   (no cloak)
rCorr   .          Rampage  .   (no gloves)
Will    .....                   (no boots)
Stlth   +.........              (no amulet)
HPRegen 0.11/turn               (no ring)
MPRegen 0.08/turn               (no ring)

@: no status effects
A: no striking features
a: Renounce Religion, Berserk, Trog's Hand


You were on level 2 of the Dungeon.
You worshipped Trog.
Trog was pleased with you.
You visited 1 branch of the dungeon, and saw 2 of its levels.

You collected 110 gold pieces.

Inventory:

Hand Weapons
 a - a +0 hand axe (weapon)
Missiles
 j - 5 poisoned darts (quivered)
Armour
 b - a +0 animal skin (worn)
Jewellery
 i - a ring of resist corrosion
Scrolls
 c - a scroll of magic mapping {unknown}
 d - a scroll of immolation {unknown}
 e - a scroll of teleportation {unknown}
 g - 4 scrolls of enchant armour {unknown}
 h - a scroll of noise {unknown}
Potions
 f - a potion of resistance {unknown}
 k - a potion of lignification {unknown}


   Skills:
 + Level 4.6 Fighting
 + Level 5.1 Axes
 - Level 2.1 Armour
 - Level 1.5 Dodging


You had 2 spell levels left.
You didn't know any spells.
Your spell library was empty.

Dungeon Overview and Level Annotations

Branches:
Dungeon (2/15)

Altars:


Message History

The worm is lightly wounded.
You hit the worm.
The worm is moderately wounded.
The worm bites you but does no damage.
You barely miss the worm.
The worm is lightly wounded.
You hit the worm but do no damage.
The worm is lightly wounded.
The worm barely misses you.
You barely miss the worm.
The worm is lightly wounded.
The worm bites you.
You hit the worm.
The worm is moderately wounded.
You hit the worm but do no damage.
The worm is moderately wounded.
The worm bites you.
You hit the worm.
The worm is moderately wounded.
The worm bites you.
You slash the worm!
The worm is heavily wounded.
You hit the worm.
The worm is severely wounded.
The worm barely misses you.
You barely miss the worm. You punch the worm, but do no damage.
The worm is severely wounded.
You hit the worm.
The worm is severely wounded.
The worm bites you.
You hit the worm but do no damage.
The worm is severely wounded.
The worm bites you.
* * * LOW HITPOINT WARNING * * *
You barely miss the worm.
The worm is severely wounded.
You barely miss the worm.
The worm is severely wounded.
The worm bites you!
You die...

##### #####...# ##
#.w@..#.#### #....#####....##
.#####.## ####..#######.
........### ##.:.......
..........########..###....#
.........#....##.............
....>........)...###...#### #
#.........####.### ...##
#........## #..........


You could see a worm.

Vanquished Creatures
  An adder (D:2)
  5 endoplasms
  3 giant cockroaches (D:1)
  3 goblins
  2 hobgoblins
  2 jackals (D:1)
  A quokka (D:1)
  7 ball pythons
  A frilled lizard (D:1)
  5 kobolds
  2 rats (D:1)
32 creatures vanquished.

Notes
Turn   | Place    | Note
-------+----------+-------------------------------------------
     0 | D:1      | quokkamancerX the Hill Orc Berserker began the quest for
                  | the Orb.
     0 | D:1      | Reached XP level 1. HP: 19/19 MP: 1/1
   165 | D:1      | Reached XP level 2. HP: 17/27 MP: 2/2
   633 | D:1      | Reached XP level 3. HP: 25/34 MP: 3/3
   806 | D:1      | Reached ** piety under Trog
  1180 | D:2      | Reached skill level 5 in Axes
  1648 | D:2      | Slain by a worm

Illustrated notes

Levels and vault maps discovered:
D:1:      dpeg_arrival_pits, layout_loops_ring, amcnicky_mini_corridor_feature
D:2:      layout_rooms, mrwooster_statue_mirror, uniq_crazy_yiuf_cottage

Skill      XL: |  1  2  3 |
---------------+----------+-----
Fighting       | 4 |  4.6
Axes           | 5 |  5.1
Armour         | |  2.1
Dodging        | |  1.5

Action                   || total
-------------------------++-------
Melee: Hand axe          ||    92
       Punch             ||     1
 Stab: Sleeping          ||     1
Armor: Animal skin       ||    13
Dodge: Dodged            ||    39

Table legend: (Time is in decaauts)
 A = Elapsed time spent in this place.
 B = Non-inter-level travel time spent in this place.
 C = Inter-level travel time spent in this place.
 D = Time resting spent in this place.
 E = Time spent auto-exploring this place.
 F = Levels seen in this place.
 G = Mean time per level.
                   A        B        C        D        E       F      G
               +--------+--------+--------+--------+--------+-----+--------+
         Total |   1654 |   1625 |     29 |    623 |    695 |   2 |  827.0 |
       Dungeon |   1654 |   1625 |     29 |    623 |    695 |   2 |  827.0 |
               +--------+--------+--------+--------+--------+-----+--------+

Top non-repeatable levels by time:
     D:1: 1099 daAuts
     D:2: 554 daAuts
